 Dungeon Crawl Stone Soup version 0.28-a0-828-g0121872642 (webtiles) character file.

Game seed: 1204828797840683245

88 avis the Insei (level 4, -1/29 HPs)
             Began as an Octopode Transmuter on Nov 11, 2021.
             Splashed by a jelly's acid (8 damage)
             ... on level 2 of the Dungeon.
             The game lasted 00:11:21 (3537 turns).

avis the Insei (Octopode Transmuter)                Turns: 3537, Time: 00:11:22

Health: -1/29      AC:  1    Str: 10    XL:     4   Next: 54%
Magic:  7/7        EV: 13    Int: 15    God:
Gold:   62         SH:  0    Dex: 12    Spells: 3/7 levels left

rFire   . . .      SeeInvis .     - Unarmed
rCold   . . .      Faith    .   (no shield)
rNeg    + . .      Spirit   .   (helmet currently unavailable)
rPois   .          Reflect  .   (no amulet)
rElec   .          Harm     .   a - ring of positive energy
rCorr   .          Rampage  .   (no ring)
Will    .....                   (no ring)
Stlth   ++........              (no ring)
HPRegen 0.09/turn               (no ring)
MPRegen 0.10/turn               (no ring)
                                (no ring)
                                (no ring)

@: appendages (expiring)
A: tentacle spike 3, almost no armour, amphibious, 8 rings, camouflage 1,
gelatinous body 1, (nimble swimmer 1), tentacles
a: End Transformation


You were on level 2 of the Dungeon.
One of your tentacles had grown a beastly spike.
You visited 1 branch of the dungeon, and saw 2 of its levels.

You collected 62 gold pieces.

Inventory:

Hand Weapons
 h - a +0 lajatang
Missiles
 b - 87 bolts
 d - 8 stones
 f - 30 poisoned darts
Jewellery
 a - a ring of positive energy (left tentacle)
Scrolls
 j - a scroll of enchant armour {unknown}
Potions
 c - 2 potions of resistance {unknown}
 e - a potion of haste {unknown}
 g - 2 potions of curing {unknown}
 i - a potion of cancellation {unknown}


   Skills:
 - Level 2.0 Fighting
 - Level 2.0 Dodging
 * Level 4.7 Unarmed Combat
 - Level 2.0 Spellcasting
 - Level 2.0 Transmutations
 - Level 1.0 Poison Magic


You had 3 spell levels left.
You knew the following spells:

 Your Spells              Type           Power      Damage    Failure   Level
a - Beastly Appendage     Tmut           14%        N/A       10%         1
p - Spider Form           Tmut/Pois      6%         N/A       34%         3

Your spell library contained the following spells:

 Spells                   Type           Power      Damage    Failure   Level
 Wereblood                Tmut           7%         N/A       14%         2
 Ice Form                 Ice/Tmut       4%         N/A       82%         4


Dungeon Overview and Level Annotations

Branches:
Dungeon (2/15)

Altars:


Innate Abilities, Weirdness & Mutations

One of your tentacles has grown a beastly spike.
You cannot wear most types of armour.
You are amphibious.
You can wear up to eight rings at the same time.
Your skin changes colour to match your surroundings (Stealth+).
Your rubbery body absorbs attacks. (AC +1, EV +1)
((You are camouflaged near water. (Stealth+)))
You have tentacles for arms and can constrict up to eight enemies at once.


Message History

You tentacle-slap the endoplasm but do no damage.
You pierce the endoplasm.
You kill the endoplasm!
Your tentacle spike disappears.
You start waiting.
Done waiting.
Casting: Beastly Appendage (safe; 10% risk of failure)
Confirm with . or Enter, or press ? or * to list all spells.
One of your tentacles grows a vicious spike.
There is an open door here.
You see here a bat skeleton.
There is an open door here.
Your transformation is almost over.
You start resting.
Magic restored.
Casting: Beastly Appendage (safe; 10% risk of failure)
Confirm with . or Enter, or press ? or * to list all spells.
You extend your transformation's duration.
Your transformation is almost over.
You bludgeon the endoplasm!
You kill the endoplasm!
You start resting.
Magic restored.
You start waiting.
Your tentacle spike disappears.
Casting: Beastly Appendage (safe; 10% risk of failure)
Confirm with . or Enter, or press ? or * to list all spells.
One of your tentacles grows a vicious spike.
The jelly quivers.
There is an open door here.
Your transformation is almost over.
You tentacle-slap the jelly.
Your tentacles burn!
You pierce the jelly.
You tentacle-slap the jelly.
The jelly is severely wounded.
The jelly hits you.
You are splashed with acid!
You tentacle-slap the jelly.
Your tentacles burn!
The jelly is almost dead.
The jelly hits you.
* * * LOW HITPOINT WARNING * * *
You are splashed with acid!
You die...

# #.# ###########
###'###### #)..÷.P..÷#
#........# #..JP.P.P.#
#........# #..÷.....÷#
#........#
#.P..J....############
#........#
#...P...P.##..........
#........#
#....J.÷..##.#########
#........#
########'###..........
#........# ##..)@J.##
########### #........#
#.######## ######
###'###### ##..'....#
#.....
##'############....#
######
#.........##.......#
#.....[.#.##.......#
#.......#.##.......#
#########.##.......#
##########.###.....##


You could see a jelly.

Vanquished Creatures
  2 adders (D:2)
  2 worms (D:2)
  6 ball pythons
  3 bats
  7 endoplasms (D:2)
  7 goblins
  3 hobgoblins
  7 jackals (D:1)
  9 kobolds
  3 quokkas
  3 frilled lizards
  6 rats
58 creatures vanquished.

Vanquished Creatures (others)
  10 toadstools (D:2)
10 creatures vanquished.

Grand Total: 68 creatures vanquished

Notes
Turn   | Place    | Note
-------+----------+-------------------------------------------
     0 | D:1      | avis the Octopode Transmuter began the quest for the Orb.
     0 | D:1      | Reached XP level 1. HP: 13/13 MP: 3/3
   517 | D:1      | Found a faded altar of an unknown god.
   527 | D:1      | Reached XP level 2. HP: 13/18 MP: 3/5
  1119 | D:1      | Reached skill level 4 in Unarmed Combat
  1124 | D:1      | Reached XP level 3. HP: 18/23 MP: 6/6
  1128 | D:1      | Learned a level 3 spell: Spider Form
  2127 | D:2      | Reached skill level 1 in Poison Magic
  2432 | D:2      | Reached XP level 4. HP: 29/29 MP: 5/7
  3537 | D:2      | Splashed by a jelly's acid

Illustrated notes

Levels and vault maps discovered:
D:1:      dpeg_arrival_rooms_with_view, layout_loops_ring,
          hellmonk_ecumenical_altar_zigzags, minmay_ruptured
D:2:      cheibrodos_fertilizer, layout_basic, minmay_misc_feat_ornament,
          kennysheep_generic_room_3

Skill      XL: |  1  2  3 |
---------------+----------+-----
Unarmed Combat | 4 |  4.7
Fighting       | 2 |  2.0
Poison Magic   | 1 |  1.0
Dodging        | |  2.0
Spellcasting   | |  2.0
Transmutations | |  2.0

Action                   |  1- 3 |  4- 6 || total
-------------------------+-------+-------++-------
Melee: Unarmed           |    78 |    35 ||   113
       Constrict         |    22 |     3 ||    25
       Kick              |    19 |     7 ||    26
       Tentacles         |    11 |     2 ||    13
       Punch             |     2 |     2 ||     4
 Cast: Beastly Appendage |    38 |    10 ||    48
       Spider Form       |       |     6 ||     6
  Use: Scroll            |     2 |       ||     2
 Stab: Sleeping          |     7 |       ||     7
Armor: Skin              |     5 |       ||     5
Dodge: Dodged            |    38 |    24 ||    62

Table legend: (Time is in decaauts)
 A = Elapsed time spent in this place.
 B = Non-inter-level travel time spent in this place.
 C = Inter-level travel time spent in this place.
 D = Time resting spent in this place.
 E = Time spent auto-exploring this place.
 F = Levels seen in this place.
 G = Mean time per level.
                   A        B        C        D        E       F      G
               +--------+--------+--------+--------+--------+-----+--------+
         Total |   3533 |   3411 |    122 |   1381 |   1357 |   2 | 1766.5 |
       Dungeon |   3533 |   3411 |    122 |   1381 |   1357 |   2 | 1766.5 |
               +--------+--------+--------+--------+--------+-----+--------+

Top non-repeatable levels by time:
     D:1: 1968 daAuts
     D:2: 1565 daAuts
